 Dungeon Crawl Stone Soup version 0.31-a0-986-g5e6e4ef867 (webtiles) character file.

Game seed: 3210790251183445837

29352 Jeffwins the Grappler (level 13, -10/105 HPs)
             Began as a Grey Draconian Shapeshifter on Nov 22, 2023.
             Was an Initiate of Gozag.
             Succumbed to a black mamba's poison
             ... on level 2 of the Lair of Beasts on Nov 23, 2023.
             The game lasted 00:41:53 (16494 turns).

Jeffwins the Grappler (DrSh)                       Turns: 16494, Time: 00:41:54

Health: -10/105    AC: 17    Str: 29    XL:     13   Next: 14%
Magic:  18/20      EV: 14    Int: 15    God:    Gozag
Gold:   2058       SH:  5    Dex: 11    Spells: 14/21 levels left

rFire   . .          .
                       - Unarmed
rCold   . . .        (shield currently unavailable)
rNeg    . . .        (body armour unavailable)
rPois   .            W - +1 hat
rElec   .            d - +2 cloak {rCorr}
rCorr   +            u - melded +0 pair of gloves
SInv    .            (no boots)
Will    .....        N - amulet of reflection
Stlth   +++          S - +6 ring of strength
HPRegen 0.37/turn    s - +6 ring of strength
MPRegen 0.17/turn

%: reflection
@: lethally poisoned (-10 -> -86), blade hands, gold aura, on blink cooldown
A: reduced hp, AC +13, amphibious, unfitting armour, cold-blooded
a: Begin Untransformation, Renounce Religion, Potion Petition, Call Merchant,
Bribe Branch


You were on level 2 of the Lair of Beasts.
You worshipped Gozag.
Gozag was most pleased with you.
You had blades for hands.
You visited 3 branches of the dungeon, and saw 16 of its levels.
You also visited: Sewer and Gauntlet.

You collected 3381 gold pieces.
You spent 1192 gold pieces at shops.
You paid 131 gold pieces to Gozag.


Innate Abilities, Weirdness & Mutations

You have blades for hands.
Your maximum health is decreased, since you lack skill for your form.
You are incapable of wielding weapons or throwing items.
Your dull iron-grey scales are very hard. (AC +13)
You are amphibious.
You cannot fit into any form of body armour.
You are cold-blooded and may be slowed by cold attacks.


   Skills:
 + Level 8.1 Fighting
 + Level 6.8 Dodging
 - Level 5.0 Stealth
 * Level 10.5 Unarmed Combat
 + Level 4.9 Spellcasting
 * Level 6.8 Summonings
 * Level 8.0 Translocations
 + Level 6.4 Evocations
 * Level 9.8 Shapeshifting


You had 14 spell levels left.
You knew the following spells:

 Your Spells              Type           Power      Damage    Failure   Level
f - Summon Forest         Summ/Tloc      13%        N/A       22%         5
I - Blink                 Tloc           54%        N/A       1%          2

Your spell library contained the following spells:

 Spells                   Type           Power      Damage    Failure   Level
 Apportation              Tloc           54%        N/A       1%          1
 Lesser Beckoning         Tloc           54%        N/A       1%          2
 Momentum Strike          Conj/Tloc      30%        3d8       4%          2
 Slow                     Hex            12%        N/A       17%         1
 Jinxbite                 Hex            6%         N/A       26%         2
 Sublimation of Blood     Necr           3%         N/A       26%         2
 Confusing Touch          Hex            3%         N/A       45%         3
 Ozocubu's Armour         Ice            3%         N/A       45%         3
 Sigil of Binding         Hex            3%         N/A       45%         3
 Vampiric Draining        Necr           3%         2d6       45%         3
 Cause Fear               Hex            1%         N/A       86%         4
 Petrify                  Tmut/Erth      3%         N/A       86%         4
 Alistair's Intoxication  Tmut/Pois      2%         N/A       99%         5
 Fireball                 Conj/Fire      1%         3d3       99%         5
 Irradiate                Conj/Tmut      1%         3d12      99%         5
 Metabolic Englaciation   Hex/Ice        1%         N/A       99%         5
 Eringya's Noxious Bog    Tmut/Pois      1%         4d6       100%        6
 Summon Hydra             Summ           12%        N/A       100%        7
 Dragon's Call            Summ           12%        N/A       100%        9
 Simulacrum               Ice/Necr       Unusable   N/A       N/A         6

Inventory:

Missiles
 q - 39 poisoned darts
 v - 3 curare-tipped darts {=f}
 L - 7 throwing nets {=f}
 Y - 6 silver javelins
Armour
 d - a +2 cloak of preservation (worn)
 u - a +0 pair of gloves (melded)
 W - a +1 hat (worn)
Jewellery
 s - a +6 ring of strength (right blade hand)
 F - a ring of fire
 N - an amulet of reflection (around neck)
 P - a ring of poison resistance
 S - a +6 ring of strength (left blade hand)
Talismans
 b - a beast talisman
 c - a flux talisman
 k - a dragon-blood talisman
 o - a blade talisman (active)
 U - a talisman of death
Wands
 g - a wand of iceblast (1)
 r - a wand of digging (3)
 x - a wand of flame (32)
 y - a wand of acid (17)
 G - a wand of polymorph (11)
Scrolls
 a - 3 scrolls of immolation {!r}
 f - 2 scrolls of revelation
 h - a scroll of acquirement
 i - 2 scrolls of amnesia
 l - 2 scrolls of poison {!r}
 m - 5 scrolls of blinking
 n - 3 scrolls of enchant weapon
 A - 3 scrolls of enchant armour
 C - a scroll of fog
 E - 2 scrolls of fear
 K - a scroll of butterflies
 T - 3 scrolls of vulnerability {unknown}
Potions
 e - 3 potions of mutation {!q}
 j - 2 potions of brilliance
 p - 2 potions of berserk rage {!q}
 t - 5 potions of enlightenment
 w - a potion of might
 z - 3 potions of cancellation
 B - 4 potions of invisibility
 I - 3 potions of lignification {!q}
 M - a potion of magic
 O - 2 potions of attraction {!q}
 Q - a potion of ambrosia
 R - 3 potions of haste {unknown}
Miscellaneous
 Z - a phial of floods

Dungeon Overview and Level Annotations

Branches:
Dungeon (13/15)            Temple (1/1) D:7            Lair (2/5) D:9
 Spider (0/4) Lair:2          Orc (0/2) D:12          Sewer (visited)
Gauntlet (visited)
  Swamp: Lair:2-3    Shoals: Lair:2-3    Vaults: D:13-14

Altars:
Ashenzari
Cheibriados
Dithmenos
Elyvilon
Fedhas
Gozag
Hepliaklqana
Kikubaaqudgha
Makhleb
Nemelex Xobeh
Okawaru
Qazlal
Ru
Sif Muna
Trog
Uskayaw
Vehumet
Wu Jian
Xom
Yredelemnul
Zin
The Shining One

Shops:
D:6 *   D:9 :   D:10 [!   D:12 *

Portals:
Trove: D:10 (show abyssal rune of Zot)

#≈≈≈≈...................
P....≈...................
##.≈≈≈≈▓▓.▓▓▓▓............
#.P.▓▓▓▓▓▓.P▓...#####....
..+.....▓▓...# #.###
▓P.....▓....# ###.###
▓......▓▓...###...P##
#$▓....S.▓▓....##...###
#.....@F..§...###...# #
#.......$▓....# #..## #
#.(▓..▓▓▓▓▓...###..#### #.
▓▓▓ ....##P...##.
..............
P###..#.P#.##.# ##
####P##.#### ######


You could see a black mamba (fleeing) and a cane toad (fleeing).


Message History

The black mamba bites you.
* * * LOW HITPOINT WARNING * * *
You are more poisoned.
The black mamba poisons you! The black mamba bites you.
* * * LOW HITPOINT WARNING * * *
You are more poisoned.
The black mamba poisons you!
Okay, then.
Casting: Blink (safe; 1% risk of failure)
Confirm with . or Enter, or press ? or * to list all spells.
You blink.
Found 13 gold pieces.
* * * LOW HITPOINT WARNING * * *
You feel extremely sick.
Unknown command.
Unknown command.
Unknown command.
Okay, then.
Okay, then.
Casting: Blink (safe; 1% risk of failure)
Confirm with . or Enter, or press ? or * to list all spells.
You don't know that spell.
Unknown command.
Unknown command.
Okay, then.
This is a scroll of acquirement!
As you read the scroll labelled WESHRU QUYXEVVY, it crumbles to dust.
You assume a fearsome visage.
The black mamba looks frightened!
The cane toad looks frightened!
It was a scroll of fear.
You die...
Your body crumbles into a pile of gold.

Skill      XL: |  1  2  3  4  5  6  7  8  9 10 11 12 13 |
---------------+----------------------------------------+-----
Dodging        | 2 3 4 5 6 |  6.8
Stealth        | 1 2 3 4 5 |  5.0
Fighting       | 2 3 4 5 6 7 8 |  8.1
Unarmed Combat | 4 5 6 7 8 9 10 | 10.5
Shapeshifting  | 4 5 6 7 8 9 |  9.8
Translocations | 1 2 4 5 6 7 8 |  8.0
Spellcasting   | 1 2 3 4 |  4.9
Evocations     | 2 3 4 5 6 |  6.4
Summonings     | 2 4 6 |  6.8

Action                     |  1- 3 |  4- 6 |  7- 9 | 10-12 | 13-15 || total
---------------------------+-------+-------+-------+-------+-------++-------
  Melee: Unarmed           |    81 |   208 |   255 |   581 |    38 ||  1163
         Tailslap          |    10 |    17 |    48 |   100 |    10 ||   185
         Punch             |     3 |     2 |       |    13 |     3 ||    21
   Cast: Blink             |       |       |     3 |     6 |     1 ||    10
  Evoke: Wand              |       |       |     3 |    19 |     1 ||    23
    Use: Potion            |       |     2 |       |     4 |     1 ||     7
         Scroll            |       |     4 |     9 |     6 |     1 ||    20
   Stab: Sleeping          |     3 |     2 |       |     1 |       ||     6
         Distracted        |       |       |     2 |     5 |       ||     7
 Armour: Skin              |    30 |   212 |   154 |   377 |    60 ||   833
  Dodge: Dodged            |    51 |   129 |   124 |   312 |    16 ||   632
  Block: Other             |       |       |       |    91 |    11 ||   102
         Reflection        |       |       |       |     1 |       ||     1
   Form: Dragon            |       |     1 |     2 |     1 |       ||     4
         Flux              |       |     1 |     2 |     1 |       ||     4
         Beast             |       |     1 |     1 |     1 |       ||     3
         Blade             |       |       |     1 |     3 |     1 ||     5
         Death             |       |       |       |     1 |       ||     1
         Maw               |       |       |       |     1 |       ||     1
                           |       |       |       |       |     1 ||     1

Levels and vault maps discovered:
D:1:      mrwooster_arrival_arrow, layout_rooms, st_stairs_13,
          minmay_misc_feat_ornament, nicolae_concentric_dashed_squares_mild,
          kennysheep_nondescript, minmay_misc_feat_secret_circle
D:2:      layout_loops_cross
D:3:      layout_loops_ring, kennysheep_flooded_box
D:4:      layout_rooms, portal_sewer_entry_b, minmay_misc_feat_doors,
          uniq_edmund
D:5:      layout_basic, gammafunk_temple_overflow_statue,
          minmay_stone_trees_small
D:6:      layout_basic, grunt_qazlal_sundering, serial_shops,
          nicolae_shop_crystal, billiards_dpeg
D:7:      layout_gridville, nicolae_wu_jian_glorious_leap,
          minmay_temple_entry_purple_smoke
D:8:      layout_rooms, amcnicky_altar_gilded
D:9:      layout_roguey, kennysheep_little_box,
          mainiacjoe_overflow_cross_hatched, lair_entry_dummy, serial_shops,
          nicolae_shop_tiny_real_fake_doors
D:10:     layout_basic, lemuel_crystal_altar, serial_shops, shop, shop,
          nicolae_trove_entry_crystal, uniq_lodul, uniq_psyche
D:11:     layout_stronghold, uniq_grum, uniq_maurice
D:12:     layout_loops_ring, orc_0_dummy, serial_shops, shop_statue,
          chequers_serial_rivers_small_b
D:13:     layout_small_grid
Temple:   compressed_dpeg_circular_temple
Lair:1:   layout_concentric_octagons, gauntlet_entry_generic,
          grunt_megastairs_4, infiniplex_staircase_pool, uniq_harold
Lair:2:   layout_regular_city, spider_nest_entry_a, basic_altar,
          chequers_serial_rivers_micro_d, chequers_serial_rivers_micro_a,
          chequers_serial_rivers_room_a

Notes
Turn   | Place    | Note
-------+----------+-------------------------------------------
     0 | D:1      | Jeffwins the Draconian Shapeshifter began the quest for the
                  | Orb.
     0 | D:1      | Reached XP level 1. HP: 16/16 MP: 1/1
   184 | D:1      | Reached XP level 2. HP: 23/23 MP: 2/2
   441 | D:1      | Reached skill level 2 in Dodging
   647 | D:2      | Reached XP level 3. HP: 21/29 MP: 3/3
   965 | D:2      | Reached skill level 1 in Stealth
  1308 | D:3      | Reached skill level 2 in Fighting
  1308 | D:3      | Reached XP level 4. HP: 35/36 MP: 4/4
  2149 | D:4      | Noticed a centaur
  2157 | D:4      | Killed a centaur
  2158 | D:4      | Reached skill level 4 in Unarmed Combat
  2158 | D:4      | Reached skill level 4 in Shapeshifting
  2158 | D:4      | Reached XP level 5. HP: 42/42 MP: 5/5
  2273 | D:4      | Found a glowing drain.
  2291 | Sewer    | Entered a sewer
  2543 | Sewer    | Reached XP level 6. HP: 49/50 MP: 6/6
  2808 | Sewer    | Reached skill level 2 in Stealth
  3194 | D:4      | Learned a level 2 spell: Blink
  3285 | D:4      | Noticed Edmund
  3318 | D:4      | Killed Edmund
  3319 | D:4      | Reached skill level 3 in Fighting
  3545 | D:5      | Entered Level 5 of the Dungeon
  3682 | D:5      | Reached skill level 3 in Dodging
  3781 | D:5      | Your scales start taking on a dull iron-grey colour.
  3781 | D:5      | Reached XP level 7. HP: 57/57 MP: 6/8
  3792 | D:5      | Reached skill level 1 in Translocations
  3933 | D:5      | Reached skill level 1 in Spellcasting
  4150 | D:5      | Reached skill level 5 in Unarmed Combat
  4319 | D:5      | Reached skill level 5 in Shapeshifting
  4643 | D:5      | Found an iron altar of Okawaru.
  4643 | D:5      | Found a broken altar of Ashenzari.
  5211 | D:6      | Found a stormy altar of Qazlal.
  5256 | D:6      | Reached XP level 8. HP: 54/66 MP: 10/10
  5279 | D:6      | Reached skill level 3 in Stealth
  5319 | D:6      | Reached skill level 1 in Evocations
  5334 | D:6      | Reached skill level 2 in Translocations
  5382 | D:6      | Found Obucia's Assorted Antiques.
  5390 | D:6      | Bought a scroll of identify for 48 gold pieces
  5390 | D:6      | Bought a scroll labelled LERETED APHUNE for 24 gold pieces
  5498 | D:6      | Reached skill level 4 in Fighting
  5498 | D:6      | Reached skill level 2 in Spellcasting
  5983 | D:7      | Found a staircase to the Ecumenical Temple.
  5992 | Temple   | Entered the Ecumenical Temple
  6026 | Temple   | Became a worshipper of Gozag Ym Sagoz the Greedy
  6344 | D:7      | Reached skill level 6 in Unarmed Combat
  6459 | D:7      | Found an ornate altar of the Wu Jian Council.
  6765 | D:7      | Reached skill level 2 in Evocations
  6782 | D:7      | Reached skill level 6 in Shapeshifting
  6786 | D:7      | Reached skill level 4 in Dodging
  6786 | D:7      | Reached XP level 9. HP: 54/72 MP: 12/12
  6826 | D:8      | Found a shimmering altar of Xom.
  6834 | D:8      | Reached skill level 3 in Translocations
  6842 | D:8      | Noticed a two-headed ogre
  7163 | D:8      | Reached skill level 4 in Stealth
  7165 | D:8      | Killed a two-headed ogre
  7166 | D:8      | Reached skill level 5 in Fighting
  7166 | D:8      | Reached skill level 7 in Unarmed Combat
  7166 | D:8      | Reached skill level 3 in Evocations
  7709 | D:9      | Noticed a troll
  7710 | D:9      | Found a glowing silver altar of Zin.
  7715 | D:9      | Killed a troll
  7743 | D:9      | Reached skill level 7 in Shapeshifting
  7765 | D:9      | Reached skill level 4 in Translocations
  7765 | D:9      | Reached XP level 10. HP: 30/81 MP: 13/13
  8002 | D:9      | Found Wamoriu's Book Boutique.
  8005 | D:9      | Bought a Fen Folio for 546 gold pieces
  8011 | D:9      | Learned a level 5 spell: Summon Forest
  8061 | D:9      | Found a staircase to the Lair.
  8125 | D:9      | Found a basalt altar of Yredelemnul.
  8498 | D:10     | Entered Level 10 of the Dungeon
  8498 | D:10     | Noticed Psyche
  8498 | D:10     | Found Nupeomen's Antique Armour Emporium.
  8511 | D:9      | Reached skill level 5 in Dodging
  8511 | D:9      | Reached skill level 5 in Stealth
  8516 | D:9      | Reached skill level 8 in Unarmed Combat
  8516 | D:9      | Reached skill level 4 in Evocations
  8570 | D:9      | Reached skill level 1 in Summonings
  8578 | D:9      | Killed Psyche
  8579 | D:9      | Reached skill level 6 in Fighting
  8581 | D:9      | HP: 8/83 [poisoned by Psyche (arc of chaos)]
  8974 | D:10     | Reached skill level 2 in Summonings
  9133 | D:10     | Noticed Lodul
  9417 | D:9      | Killed Lodul
  9418 | D:9      | Reached skill level 5 in Translocations
  9603 | D:10     | Reached XP level 11. HP: 83/90 MP: 15/15
  9609 | D:10     | Reached skill level 8 in Shapeshifting
  9617 | D:10     | Reached skill level 3 in Summonings
  9823 | D:10     | Found a glowing golden altar of the Shining One.
  9870 | D:10     | Found Zaeshruyw's Distillery.
  9878 | D:10     | Bought a potion of attraction for 33 gold pieces
  9878 | D:10     | Bought a potion of cancellation for 88 gold pieces
  9878 | D:10     | Bought a potion of heal wounds for 55 gold pieces
  9878 | D:10     | Bought a potion of ambrosia for 88 gold pieces
  9878 | D:10     | Bought a potion of curing for 33 gold pieces
  9925 | D:10     | Reached skill level 3 in Spellcasting
 10275 | D:10     | Found a portal to a secret trove of treasure.
 10925 | D:11     | Noticed Maurice
 10930 | D:11     | Maurice stole a dragon-blood talisman
 10943 | D:11     | Killed Maurice
 11330 | D:11     | Noticed Grum
 11360 | D:11     | Killed Grum
 11858 | D:12     | Found Daffuwin's Assorted Antiques.
 11879 | D:12     | Noticed a boulder beetle
 11902 | D:12     | Reached skill level 9 in Unarmed Combat
 11902 | D:12     | Reached skill level 5 in Evocations
 11955 | D:12     | Killed a boulder beetle
 11956 | D:12     | Reached skill level 4 in Summonings
 12017 | D:12     | Found a staircase to the Orcish Mines.
 12041 | D:12     | Identified the +1 robe of the Moon Troll {rC+ rN+}
 12062 | D:12     | Noticed a sun demon
 12063 | D:12     | Reached skill level 6 in Translocations
 12274 | D:12     | Bought a sedimented purple potion for 33 gold pieces
 12274 | D:12     | Bought a scroll labelled ZECIERI SOULU for 37 gold pieces
 12274 | D:12     | Bought a wand of flame (8) for 207 gold pieces
 12427 | D:12     | Reached skill level 7 in Fighting
 12641 | D:13     | Noticed a two-headed ogre
 12647 | D:13     | Killed a two-headed ogre
 12648 | D:13     | Reached skill level 6 in Dodging
 12834 | D:13     | Noticed a centaur warrior
 12843 | D:13     | Killed a centaur warrior
 12850 | D:13     | Reached XP level 12. HP: 67/100 MP: 17/17
 12852 | D:13     | Noticed a four-headed hydra
 12857 | D:13     | Reached skill level 5 in Summonings
 13192 | D:13     | Reached skill level 4 in Spellcasting
 13701 | Lair:1   | Entered Level 1 of the Lair of Beasts
 13742 | Lair:1   | Reached skill level 9 in Shapeshifting
 13759 | Lair:1   | Found a gate leading to a gauntlet.
 13768 | Gauntlet | Entered a Gauntlet
 13768 | Gauntlet | Noticed a catoblepas
 13768 | Gauntlet | Found a transporter.
 13768 | Gauntlet | Found a transporter.
 13769 | Gauntlet | Found a transporter.
 13772 | Gauntlet | Found a transporter.
 13782 | Gauntlet | Found a transporter.
 13847 | Gauntlet | Found a transporter.
 13857 | Gauntlet | Found a transporter.
 13872 | Gauntlet | Found a transporter.
 13884 | Gauntlet | Found a transporter.
 13897 | Gauntlet | Found a transporter.
 13903 | Gauntlet | Found a transporter.
 13924 | Gauntlet | Found a transporter.
 14200 | Gauntlet | Reached skill level 7 in Translocations
 14383 | Gauntlet | Noticed a minotaur
 14393 | Gauntlet | Killed a minotaur
 14548 | Gauntlet | Identified the staff "Xouc" {Fragile rPois rC+ rCorr Dex+6
                  | Poison}
 14642 | Lair:1   | Noticed Harold
 14682 | Lair:1   | Reached skill level 10 in Unarmed Combat
 14686 | Lair:1   | Reached skill level 6 in Evocations
 14696 | Lair:1   | Reached skill level 6 in Summonings
 14965 | Lair:1   | Killed Harold
 15615 | Lair:2   | Found a hole to the Spider Nest.
 15777 | Lair:2   | Reached skill level 8 in Fighting
 15780 | Lair:2   | Reached XP level 13. HP: 67/107 MP: 20/20
 15994 | Lair:2   | Found a blossoming altar of Fedhas.
 16395 | Lair:2   | Reached skill level 8 in Translocations
 16493 | Lair:2   | HP: 5/105 [poisoned by a black mamba]
 16494 | Lair:2   | Identified a scroll of acquirement
 16494 | Lair:2   | Succumbed to a black mamba's poison

Vanquished Creatures
  A minotaur (Gauntlet)
  Harold (Lair:1)
  A boulder beetle (D:12)
  A centaur warrior (D:13)
  2 two-headed ogres
  Lodul (D:9)
  A deep elf pyromancer (D:13)
  A necromancer (Gauntlet)
  3 cyclopes
  Maurice (D:11)
  2 black mambas
  9 elephants (Lair:2)
  Psyche (D:9)
  6 cane toads
  3 kobold demonologists (D:12)
  A minotaur zombie (Gauntlet)
  2 unseen horrors
  5 komodo dragons
  A polar bear (Lair:1)
  A queen bee (Gauntlet)
  3 trolls
  4 blink frogs (Lair:1)
  2 jumping spiders (Lair:2)
  25 yaks
  A shadow (D:12)
  3 slime creatures (D:13)
  3 wyverns
  2 basilisks (Lair:2)
  A redback (Lair:2)
  Grum (D:11)
  6 vampire mosquitoes
  Edmund (D:4)
  10 water moccasins
  3 swamp worms (Gauntlet)
  3 orc warriors
  5 centaurs
  11 ogres
  13 wolves
  A phantom (D:5)
  6 kobold brigands
  4 bullfrogs
  2 scorpions (D:6)
  12 killer bees
  4 howler monkeys
  3 jellies
  A hound (D:5)
  2 orc priests
  2 iguanas
  4 sleepcaps
  8 orc wizards
  4 gnolls
  2 river rats (Sewer)
  10 adders
  2 shadow imps
  2 white imps
  2 worms
  3 dart slugs (D:2)
  17 orcs
  18 bats
  9 endoplasms
  4 giant cockroaches
  3 goblins
  2 hobgoblins
  9 jackals
  21 kobolds
  2 quokkas (D:4)
  13 ball pythons
  5 frilled lizards
  A rat (D:1)
319 creatures vanquished.

Vanquished Creatures (others)
  A cane toad (Lair:1)
1 creature vanquished.

Grand Total: 320 creatures vanquished

Table legend: (Time is in decaauts)
 A = Elapsed time spent in this place.
 B = Non-inter-level travel time spent in this place.
 C = Inter-level travel time spent in this place.
 D = Time resting spent in this place.
 E = Time spent auto-exploring this place.
 F = Levels seen in this place.
 G = Mean time per level.
                   A        B        C        D        E       F      G
               +--------+--------+--------+--------+--------+-----+--------+
         Total |  16539 |  15920 |    619 |   1951 |  10986 |  18 |  918.8 |
       Dungeon |  12794 |  12265 |    529 |   1560 |   8696 |  13 |  984.2 |
        Temple |     68 |      2 |     66 |      0 |      0 |   1 |   68.0 |
          Lair |   1957 |   1933 |     24 |      0 |   1466 |   2 |  978.5 |
         Sewer |    913 |    913 |      0 |      0 |    663 |   1 |  913.0 |
      Gauntlet |    805 |    805 |      0 |    391 |    161 |   1 |  805.0 |
               +--------+--------+--------+--------+--------+-----+--------+

Top non-repeatable levels by time:
     D:9: 1491 daAuts
    D:10: 1285 daAuts
    D:11: 1230 daAuts
     D:5: 1208 daAuts
    D:12: 1092 daAuts
     D:6: 1038 daAuts
     D:7: 1024 daAuts
  Lair:1: 999 daAuts
     D:4: 990 daAuts
  Lair:2: 957 daAuts
   Sewer: 913 daAuts
    D:13: 849 daAuts
Gauntlet: 805 daAuts
     D:8: 668 daAuts
     D:3: 667 daAuts

Table legend:
 A = Non-vault XP
 B = Vault XP
 C = Vault XP percentage of total XP
 D = Non-vault monster count
 E = Vault monster count
 F = Vault count percentage of total count
                 A         B        C        D         E       F
            +---------+---------+-------+---------+---------+-------
      Total |   32393 |    9539 |  22.7 |     239 |      79 |  24.8
            +---------+---------+-------+---------+---------+-------
        D:1 |      25 |       4 |  13.8 |      16 |       2 |  11.1
        D:2 |      58 |       0 |   0.0 |      17 |       0 |   0.0
        D:3 |      62 |       0 |   0.0 |       8 |       0 |   0.0
        D:4 |     212 |     185 |  46.6 |      15 |       4 |  21.1
        D:5 |     553 |       0 |   0.0 |      15 |       0 |   0.0
        D:6 |     534 |     185 |  25.7 |       9 |       4 |  30.8
        D:7 |    1173 |       0 |   0.0 |      12 |       0 |   0.0
        D:8 |    1296 |       0 |   0.0 |      17 |       0 |   0.0
        D:9 |    3182 |    1300 |  29.0 |      22 |       3 |  12.0
       D:10 |    2701 |     957 |  26.2 |      17 |       8 |  32.0
       D:11 |     643 |    1153 |  64.2 |       3 |       6 |  66.7
       D:12 |    4372 |       0 |   0.0 |      31 |       0 |   0.0
       D:13 |    4935 |       0 |   0.0 |      15 |       0 |   0.0
     Lair:1 |    5905 |    1309 |  18.1 |      22 |       3 |  12.0
     Lair:2 |    6742 |     648 |   8.8 |      20 |       3 |  13.0
      Sewer |       0 |     112 | 100.0 |       0 |      28 | 100.0
   Gauntlet |       0 |    3686 | 100.0 |       0 |      18 | 100.0
            +---------+---------+-------+---------+---------+-------
